AoeStats
← BB3097790

Arabia

508153733Analyzed
1v1 RM · 10d ago on Sep 21, 2026· 21m 13s· 2 players
Game mode
Random Map
Map size
Tiny (2 player)
Population
200
Speed
Normal
Resources
Standard
Victory
Conquest
Starting age
Dark Age
Ending age
Imperial Age
RankedLock teamsTeams togetherTeam positionsShared explorationLock speedFull tech treeHidden civsTurbo modeCheats
Victory
Defeat
🇻🇳 Mongols · Vietnam
1196
+44
🇲🇽 Vikings · Mexico
1214
-17
BB3097790
6:20 Loom
8:51 Feudal Age
9:00 Man-at-Arms
13:01 Double-Bit Axe
14:07 Fletching
14:37 Horse Collar
21:05 Castle Age
19:41 Padded Archer Armor
21:07 Gold Mining
21:08 Crossbowman
21:44 Bodkin Arrow
JGSC
5:44 Loom
10:09 Feudal Age
17:54 Fletching
23:45 Castle Age
Connection lost

Rejoining the realm…

Still unreachable

The connection could not be restored.

Session expired

The server has moved on; the page needs a fresh start.